AoeStats
← rikardo.zamora

Migration

507405385Analyzed
1v1 RM · 13d ago on Sep 18, 2026· 37m 12s· 2 players
Game mode
Random Map
Map size
132×132
Population
200
Speed
Normal
Resources
Standard
Victory
Conquest
Starting age
Dark Age
Ending age
Imperial Age
RankedLock teamsTeams togetherTeam positionsShared explorationLock speedFull tech treeHidden civsTurbo modeCheats
Victory
Defeat
🇨🇴 Vikings · Colombia
699
+15
🇲🇽 Celts · Mexico
686
-15
rikardo.zamora
10:40 Feudal Age
9:33 Loom
20:06 Double-Bit Axe
19:53 Man-at-Arms
23:01 Gold Mining
23:02 Stone Mining
28:38 Castle Age
27:27 Scale Mail Armor
27:33 Scale Barding Armor
27:39 Forging
27:20 Fletching
27:30 Padded Archer Armor
30:32 Husbandry
29:56 Elite Skirmisher
30:57 Demolition Ship
31:48 Medium Warships
34:21 Pikeman
jgmolina20
11:05 Feudal Age
10:43 Loom
17:28 Man-at-Arms
24:35 Arson
30:07 Castle Age
29:51 Forging
29:32 Fletching
29:32 Double-Bit Axe
31:18 Squires
32:23 Pikeman
34:01 Medium Warships
34:38 Crossbowman
Connection lost

Rejoining the realm…

Still unreachable

The connection could not be restored.

Session expired

The server has moved on; the page needs a fresh start.